AoeStats
← 神圣罗马帝国 | Holy Roman

MegaRandom

510756494Analyzed
4v4 RM · 1d ago on Oct 2, 2026· 22m 40s· 8 players
Game mode
Random Map
Map size
Large (8 player)
Population
200
Speed
Normal
Resources
Standard
Victory
Conquest
Starting age
Dark Age
Ending age
Imperial Age
RankedLock teamsTeams togetherTeam positionsShared explorationLock speedFull tech treeHidden civsTurbo modeCheats
Victory
Defeat
🇸🇪 Mongols · Sweden
1495
+11
🇸🇪 Ethiopians · Sweden
1307
+19
🇸🇪 Malians · Sweden
1222
+22
🇸🇪 Lithuanians · Sweden
1149
+26
🇨🇳 Magyars · China
1421
-21
🇨🇳 Persians · China
1359
-19
1353
-19
🇨🇳 Saracens · China
1349
-19
Clint
7:46 Loom
11:27 Feudal Age
12:16 Town Watch
12:17 Double-Bit Axe
12:16 Horse Collar
18:00 Castle Age
16:24 Stone Mining
22:35 Heavy Plow
一只小耳
7:11 Loom
9:53 Feudal Age
10:39 Double-Bit Axe
12:37 Fletching
21:32 Castle Age
神圣罗马帝国 | Holy Roman
8:53 Loom
11:50 Feudal Age
12:34 Double-Bit Axe
16:38 Castle Age
15:14 Horse Collar
17:32 Bow Saw
19:30 Padded Archer Armor
20:00 Fletching
20:59 Scale Barding Armor
20:50 Loom
飘雪
5:12 Loom
11:15 Feudal Age
18:25 Castle Age
16:36 Double-Bit Axe
16:38 Horse Collar
17:35 Double-Bit Axe
19:48 Bow Saw
22:17 Heavy Plow
Kaos1000
1:00 Loom
12:02 Feudal Age
17:13 Castle Age
15:18 Double-Bit Axe
16:44 Horse Collar
Westbergen
11:09 Feudal Age
11:48 Double-Bit Axe
20:15 Castle Age
johansoderstrom1
9:20 Loom
11:25 Feudal Age
13:52 Fletching
19:31 Padded Archer Armor
20:24 Arson
22:21 Double-Bit Axe
KalasKula
9:34 Loom
11:19 Feudal Age
13:30 Town Watch
16:00 Castle Age
15:16 Fletching
16:17 Padded Archer Armor
16:49 Bodkin Arrow
16:58 Double-Bit Axe
21:25 Bow Saw
23:05 Ballistics
Connection lost

Rejoining the realm…

Still unreachable

The connection could not be restored.

Session expired

The server has moved on; the page needs a fresh start.